 Dungeon Crawl Stone Soup version 0.26.1-11-gd32895ea62 (webtiles) character file.

Game seed: 13354579017812483848

110 Zeld the Twirler (level 4, -6/29 HPs)
             Began as an Octopode Gladiator on May 18, 2021.
             Mangled by a gnoll
             ... wielding a +0 halberd
              (16 damage)
             ... on level 2 of the Dungeon.
             The game lasted 00:02:11 (2502 turns).

Zeld the Twirler (Octopode Gladiator)               Turns: 2502, Time: 00:02:12

Health: -6/29      AC:  1    Str: 13    XL:     4   Next: 91%
Magic:  4/4        EV: 14    Int: 10    God:
Gold:   74         SH:  0    Dex: 14    Spells: 3/3 levels left

rFire    . . .     SeeInvis .   o - +2 quarterstaff (chaos)
rCold    . . .     Faith    .   (shield currently unavailable)
rNeg     . . .     Spirit   .   b - +0 hat
rPois    .         Reflect  .   (no amulet)
rElec    .         Harm     .   (no ring)
rCorr    .         Rampage  .   (no ring)
Will     .....                  (no ring)
Stlth    ++........             (no ring)
HPRegen  0.09/turn              (no ring)
MPRegen  0.09/turn              (no ring)
                                (no ring)
                                (no ring)

@: no status effects
A: almost no armour, stealthy swim, amphibious, 8 rings, constrict 8, camouflage
1, gelatinous body 1
a: no special abilities


You were on level 2 of the Dungeon.
You visited 1 branch of the dungeon, and saw 2 of its levels.

You collected 74 gold pieces.

Inventory:

Hand Weapons
 a - a +0 quarterstaff
 o - a +2 quarterstaff of chaos (weapon)
Missiles
 c - 3 throwing nets (quivered)
Armour
 b - a +0 hat (worn)
Jewellery
 i - an uncursed ring of flight {unknown}
Scrolls
 d - a scroll of enchant weapon {unknown}
 e - a scroll of random uselessness {unknown}
 f - a scroll of amnesia {unknown}
 g - a scroll of remove curse {unknown}
 h - 5 scrolls of identify {unknown}
 n - 2 scrolls of enchant armour {unknown}
Potions
 j - a potion of flight {unknown}
 k - a potion of heal wounds {unknown}
 l - a potion of berserk rage {unknown}
 m - a potion of curing {unknown}


   Skills:
 - Level 2.0 Fighting
 * Level 4.3 Staves
 * Level 3.7 Throwing
 - Level 3.0 Dodging


You had 3 spell levels left.
You didn't know any spells.
Your spell library was empty.

Dungeon Overview and Level Annotations

Branches:
Dungeon (2/15)

Altars:
Xom
The Shining One


Innate Abilities, Weirdness & Mutations

You cannot wear most types of armour.
You are very stealthy in the water. (Stealth+)
You are amphibious.
You can wear up to eight rings at the same time.
You can use your tentacles to constrict eight enemies at once.
Your skin changes colour to match your surroundings (Stealth+).
Your rubbery body absorbs attacks. (AC +1, EV +1)


Message History

The gnoll is heavily wounded.
You constrict the gnoll. The gnoll hits you with a +0 mace.
You sock the gnoll! You burn the gnoll.
You kill the gnoll!
Unknown command.
The gnoll hits you but does no damage.
Things that are here:
a +0 mace; a scroll labelled RIRUYDD GUXU; a gnoll corpse You sock the gnoll!
Your grab misses the gnoll.
The gnoll is severely wounded.
The gnoll hits you with a +0 halberd!
You are too injured to fight recklessly!
You are too injured to fight recklessly!
You are too injured to fight recklessly!
You barely miss the gnoll. You grab the gnoll.
You squeeze the gnoll, but do no damage.
The gnoll is severely wounded.
You constrict the gnoll. The gnoll hits you with a +0 halberd!
Ouch! That really hurt!
You die...

#######
#.....##############
#..................#
####'##.##########.#
..##.##.......##.[.#
.........>...>##.###
#..#.##.......##.#
##.#.##.......##@#
#...##.......##g#
##..#####'#####g#
#..# #.# #.# ###.#
#.# #.# ..#.# #.#
#.# #P...# #.# ..#
P#...## #.# ..#
.#....# #.##


You could see 2 gnolls.

Vanquished Creatures
  Crazy Yiuf (D:2)
  2 gnolls
  An adder (D:2)
  3 worms (D:2)
  A dart slug (D:2)
  2 leopard geckos (D:1)
  A ball python (D:1)
  2 giant cockroaches (D:1)
  3 goblins (D:1)
  5 hobgoblins (D:1)
  3 jackals (D:1)
  2 kobolds (D:1)
  7 bats
  6 frilled lizards
  5 rats
44 creatures vanquished.

Vanquished Creatures (others)
  2 fungi (D:2)
  9 plants (D:2)
11 creatures vanquished.

Grand Total: 55 creatures vanquished

Notes
Turn   | Place    | Note
-------+----------+-------------------------------------------
     0 | D:1      | Zeld the Octopode Gladiator began the quest for the Orb.
     0 | D:1      | Reached XP level 1. HP: 14/14 MP: 1/1
   230 | D:1      | Reached XP level 2. HP: 17/19 MP: 2/2
   436 | D:1      | Reached XP level 3. HP: 19/24 MP: 3/3
  1623 | D:2      | Reached skill level 4 in Staves
  1623 | D:2      | Reached XP level 4. HP: 22/29 MP: 4/4
  2216 | D:2      | Found a runed translucent door.
  2217 | D:2      | Noticed Crazy Yiuf
  2225 | D:2      | Killed Crazy Yiuf
  2463 | D:2      | Found a shimmering altar of Xom.
  2463 | D:2      | Found a glowing golden altar of the Shining One.
  2502 | D:2      | Mangled by a gnoll

Illustrated notes

Levels and vault maps discovered:
D:1:      co_arrival_hexagon_in_a_hexagon, layout_basic, minmay_split_cup_small
D:2:      cheibrodos_old_hovel, layout_basic,
          gammafunk_temple_overflow_elements, fedhas_ov_isle_minmay,
          uniq_crazy_yiuf_cottage

Skill      XL: |  1  2  3 |
---------------+----------+-----
Throwing       | 3 |  3.7
Staves         | 4 |  4.3
Fighting       | |  2.0
Dodging        | |  3.0

Action                   |  1- 3 |  4- 6 || total
-------------------------+-------+-------++-------
Melee: Quarterstaff      |    65 |    27 ||    92
       Constrict         |    19 |     8 ||    27
       Tentacles         |    12 |     5 ||    17
 Stab: Sleeping          |     8 |     1 ||     9
Armor: Skin              |     5 |     5 ||    10
Dodge: Dodged            |    35 |    12 ||    47
